 Dungeon Crawl Stone Soup version 0.29-a0-824-gd827844252 (webtiles) character file.

Game seed: 3140130963281023648

14 Malachi the Ruffian (level 2, -2/31 HPs)
             Began as an Octopode Berserker on July 10, 2022.
             Was a Follower of Trog.
             Slain by a gnoll
             ... wielding a +0 whip
              (9 damage)
             ... on level 1 of the Dungeon.
             The game lasted 00:00:18 (433 turns).

Malachi the Ruffian (Octopode Berserker)             Turns: 433, Time: 00:00:19

Health: -2/31      AC:  1    Str: 16    XL:     2   Next: 45%
Magic:  2/2        EV: 13    Int:  9    God:    Trog [*.....]
Gold:   0          SH:  0    Dex: 11    Spells: 1/1 levels left

rFire   . . .      SeeInvis .     - Unarmed
rCold   . . .      Faith    .   (no shield)
rNeg    . . .      Spirit   .   (helmet restricted)
rPois   .          Reflect  .   (no amulet)
rElec   .          Harm     .   (no ring)
rCorr   .          Rampage  .   (no ring)
Will    .....                   (no ring)
Stlth   ..........              (no ring)
HPRegen 0.10/turn               (no ring)
MPRegen 0.08/turn               (no ring)
                                (no ring)
                                (no ring)

@: berserking, very quick
A: almost no armour, amphibious, 8 rings, camouflage 1, gelatinous body 1,
(nimble swimmer 1), tentacles
a: Renounce Religion, Berserk


You were on level 1 of the Dungeon.
You worshipped Trog.
Trog was aware of your devotion.
You visited 1 branch of the dungeon, and saw 1 of its levels.

Inventory:

Scrolls
 a - a scroll of enchant armour {unknown}
Potions
 b - a potion of cancellation {unknown}


   Skills:
 - Level 3.0 Fighting
 - Level 3.0 Dodging
 * Level 3.8 Unarmed Combat


You had one spell level left.
You didn't know any spells.
Your spell library was empty.

Dungeon Overview and Level Annotations

Branches:
Dungeon (1/15)

Altars:


Innate Abilities, Weirdness & Mutations

You cannot wear most types of armour.
You are amphibious.
You can wear up to eight rings at the same time.
Your skin changes colour to match your surroundings (Stealth+).
Your rubbery body absorbs attacks. (AC +1, EV +1)
((You are camouflaged when in or above water. (Stealth+)))
You have tentacles for arms and can constrict up to eight enemies at once.


Message History

A gnoll is nearby!
A gnoll is nearby!
A quokka and 2 jackals come into view.
Found 8 gold pieces.
An endoplasm and a jackal come into view.
The quokka bites you.
You barely miss the quokka. You grab the quokka.
You constrict the quokka, but do no damage.
The endoplasm quivers.
The quokka bites you.
You tentacle-slap the quokka.
The quokka is severely wounded.
You constrict the quokka.
The gnoll shouts!
The jackal barks!
The quokka barely misses you. The jackal barely misses you.
You barely miss the quokka. You squeeze the quokka.
You kill the quokka!
Trog accepts your kill. The jackal closely misses you.
The endoplasm freezes you.
You are frozen.
A rat comes into view.
The jackal bites you.
A red film seems to cover your vision as you go berserk!
You feel yourself moving faster!
You feel mighty! The jackal closely misses you. The jackal bites you.
The gnoll hits you with a +0 whip. The endoplasm freezes you.
You are frozen.
* * * LOW HITPOINT WARNING * * *
The jackal closely misses you.
You feel a strong urge to attack something.
You barely miss the jackal. Your grab misses the jackal. The jackal bites you.
* * * LOW HITPOINT WARNING * * *
You bludgeon the jackal!
You kill the jackal!
Trog accepts your kill.
You barely miss the gnoll. You grab the gnoll. Your squeeze misses the gnoll.
You constrict the gnoll. The gnoll hits you with a +0 whip!
You die...

.# .# . ..#.# .... ..$#
####################...##.
................@gJr......
##################h$...##
# #...h†..###
##############.......#
.)...........(.........
######.....#######...##.
#### #.....# #...# .. ...#
#.....# ##### . ...#
#.....#


You could see a gnoll, an endoplasm, a jackal and a rat.

Vanquished Creatures
  A ball python (D:1)
  2 endoplasms (D:1)
  2 giant cockroaches (D:1)
  A goblin (D:1)
  A jackal (D:1)
  2 quokkas (D:1)
  A bat (D:1)
  A frilled lizard (D:1)
  A kobold (D:1)
12 creatures vanquished.

Notes
Turn   | Place    | Note
-------+----------+-------------------------------------------
     0 | D:1      | Malachi the Octopode Berserker began the quest for the Orb.
     0 | D:1      | Reached XP level 1. HP: 16/16 MP: 1/1
    32 | D:1      | Reached XP level 2. HP: 16/21 MP: 2/2
   433 | D:1      | Slain by a gnoll

Illustrated notes

Levels and vault maps discovered:
D:1:      dpeg_arrival_fog, layout_basic, serial_shops, shop,
          chequers_ecumenical_altar_twisty

Action                   || total
-------------------------++-------
Melee: Unarmed           ||    23
       Constrict         ||     5
       Tentacles         ||     3
Invok: Berserk           ||     2
Armor: Skin              ||     1
Dodge: Dodged            ||    11

Table legend: (Time is in decaauts)
 A = Elapsed time spent in this place.
 B = Non-inter-level travel time spent in this place.
 C = Inter-level travel time spent in this place.
 D = Time resting spent in this place.
 E = Time spent auto-exploring this place.
 F = Levels seen in this place.
 G = Mean time per level.
                   A        B        C        D        E       F      G
               +--------+--------+--------+--------+--------+-----+--------+
         Total |    441 |    441 |      0 |    292 |    103 |   1 |  441.0 |
       Dungeon |    441 |    441 |      0 |    292 |    103 |   1 |  441.0 |
               +--------+--------+--------+--------+--------+-----+--------+

Top non-repeatable levels by time:
     D:1: 441 daAuts
